 Dungeon Crawl Stone Soup version 0.31-a0-358-gac0dbeb3ab (webtiles) character file.

Game seed: 12858979355535242757

82194 shadowrider38 the Slicer (level 15, -5/81 (85) HPs)
             Began as a Vine Stalker Shapeshifter on July 25, 2023.
             Was an Initiate of Gozag.
             Slain by a boulder beetle (27 damage)
             ... on level 15 of the Dungeon.
             The game lasted 00:38:38 (22146 turns).

shadowrider38 the Slicer (VSSh)                    Turns: 22146, Time: 00:38:38

HP:   -5/81 (85)    AC: 30    Str: 19    XL:     15   Next: 72%
MP:   0/19          EV:  4    Int:  8    God:    Gozag
Gold: 3036          SH: 12    Dex: 21    Spells: 18/18 levels left

rFire   + + .        a - +5 rapier (freeze)
rCold   + . .        A - +0 kite shield {reflect}
rNeg    . . .        W - +2 gold dragon scales
rPois   +            t - +0 helmet
rElec   .            f - scarf {repulsion}
rCorr   +            Y - +3 pair of gloves of Curphonoc {rPois rF+}
SInv    .            j - +2 pair of boots {Stlth+}
Will    +....        r - amulet of regeneration Stlth
                     X - ring "Irchuefue" {rCorr Slay+6}
HPRegen 1.93/turn    y - +4 ring of slaying
MPRegen 0.16/turn

%: repel missiles, reflection, guardian spirit
@: about to teleport, lightly drained
A: fangs 3, regeneration 1, magic shield, antimagic bite, no potion heal 2
a: Renounce Religion, Potion Petition, Call Merchant, Bribe Branch


You were on level 15 of the Dungeon.
You worshipped Gozag.
Gozag was most pleased with you.
You visited 4 branches of the dungeon, and saw 23 of its levels.
You also visited: Sewer and Bailey.

You collected 7473 gold pieces.
You spent 3868 gold pieces at shops.
You paid 569 gold pieces to Gozag.

Inventory:

Hand Weapons
 a - a +5 rapier of freezing (weapon)
Missiles
 u - 2 silver boomerangs
 v - 10 javelins
 F - 2 curare-tipped darts (quivered)
 Z - a throwing net
Armour
 f - a scarf of repulsion (worn)
 j - a +2 pair of boots of stealth (worn)
 t - a +0 helmet (worn)
 A - a +0 kite shield of reflection (worn)
 G - the +1 leather armour of the Amorous God {rElec Dex+2}
   (You found it on level 5 of the Lair of Beasts)

   Dex:       It affects your dexterity (+2).
   rElec:     It insulates you from electricity.
 U - a +2 cloak
 W - +2 gold dragon scales (worn)
 Y - the +3 pair of gloves of Curphonoc (worn) {rPois rF+}
   (You bought it in a shop on level 2 of the Orcish Mines)

   rF:        It protects you from fire.
   rPois:     It protects you from poison.
Jewellery
 l - a ring of magical power
 m - a ring of willpower
 n - a ring of ice
 r - an amulet of regeneration (around neck)
 y - a +4 ring of slaying (right hand)
 O - a +4 ring of protection
 X - the ring "Irchuefue" (left hand) {rCorr Slay+6}
   (You bought it in a shop on level 2 of the Orcish Mines)

   [ring of resist corrosion]

   Slay:      It affects your accuracy & damage with ranged weapons and melee
   (+6).
   rCorr:     It protects you from acid and corrosion.
Talismans
 c - a beast talisman
Wands
 i - a wand of light (6)
 D - a wand of digging (16)
 I - a wand of iceblast (19)
 M - a wand of polymorph (5)
 P - a wand of paralysis (10)
 V - a wand of flame (17)
Scrolls
 e - a scroll of silence {!r}
 h - 3 scrolls of summoning
 s - 2 scrolls of revelation
 z - 2 scrolls of immolation
 B - 5 scrolls of blinking
 C - 4 scrolls of fog
 J - 4 scrolls of fear
 K - 2 scrolls of vulnerability
 L - 3 scrolls of poison
 R - 3 scrolls of identify
 T - 13 scrolls of teleportation
Potions
 b - 4 potions of invisibility
 d - 4 potions of mutation
 g - a potion of attraction
 k - 4 potions of ambrosia
 o - 3 potions of magic
 p - 4 potions of lignification
 q - a potion of berserk rage
 w - 4 potions of might
 x - a potion of enlightenment
 E - 3 potions of resistance
 H - 5 potions of haste
 N - 3 potions of cancellation
 Q - 10 potions of curing
 S - 2 potions of brilliance


   Skills:
 + Level 12.9 Fighting
 - Level 14.0 Short Blades
 + Level 12.7 Armour
 - Level 4.0 Dodging
 * Level 7.7 Shields
 - Level 3.0 Unarmed Combat
 + Level 2.2 Spellcasting
 - Level 5.0 Evocations
 - Level 3.0 Shapeshifting


You had 18 spell levels left.
You didn't know any spells.
Your spell library contained the following spells:

 Spells                   Type           Power      Damage    Failure   Level
 Apportation              Tloc           0%         N/A       100%        1
 Magic Dart               Conj           0%         1d3       100%        1
 Sandblast                Erth           0%         2d4       100%        1
 Call Imp                 Summ           0%         N/A       100%        2
 Passwall                 Tmut/Erth      0%         N/A       100%        2
 Mephitic Cloud           Conj/Pois/Air  0%         N/A       100%        3
 Ozocubu's Armour         Ice            0%         N/A       100%        3
 Stone Arrow              Conj/Erth      0%         3d7       100%        3
 Alistair's Intoxication  Tmut/Pois      0%         N/A       100%        5
 Borgnjor's Vile Clutch   Necr/Erth      0%         N/A       100%        5
 Metabolic Englaciation   Hex/Ice        0%         N/A       100%        5
 Death Channel            Necr           0%         N/A       100%        6
 Animate Dead             Necr           Unusable   N/A       N/A         4
 Simulacrum               Ice/Necr       Unusable   N/A       N/A         6

Dungeon Overview and Level Annotations

Branches:
Dungeon (15/15)            Temple (1/1) D:5            Lair (5/5) D:10
  Swamp (0/4) Lair:2        Snake (0/4) Lair:2        Slime (0/5) Lair:4
    Orc (2/2) D:12            Elf (0/3) Orc:2        Vaults (0/5) D:13
  Sewer (visited)          Bailey (visited)
 Depths: D:15

Altars:
Ashenzari
Cheibriados
Dithmenos
Elyvilon
Fedhas
Gozag
Hepliaklqana
Kikubaaqudgha
Makhleb
Nemelex Xobeh
Okawaru
Qazlal
Ru
Sif Muna
Trog
Uskayaw
Vehumet
Wu Jian
Xom
Yredelemnul
Zin
The Shining One
Jiyva

Shops:
D:3 (   D:6 :[*   D:9 =   D:14 *=   Orc:1 [   Orc:2 ?:=[=

Annotations:
D:14 3 runed translucent doors, exclusion: obsidian statue, jejorda2's ghost, journeyman GnBe


Innate Abilities, Weirdness & Mutations

You have razor-sharp teeth.
Your natural rate of healing is unusually fast.
When hurt, damage is shared between your health and your magic reserves.
Your bite disrupts and absorbs the magic of your enemies.
Potions cannot restore your health.


Message History

An orc warrior comes into view. It is wielding a +0 hand axe.
The skeletal warrior hits you with a +0 war axe!
* * * LOW HITPOINT WARNING * * *
The orc knight roars a battlecry!
The orc warriors go into a battle-frenzy!
The troll is distracted by your dazzling golden aura.
The necromancer gestures wildly while chanting.
The necromancer binds the souls of nearby monsters.
The troll shouts!
You feel yourself speed up.
You hear a shout!
The troll is no longer distracted by gold.
The necromancer gestures wildly while chanting.
The necromancer binds the souls of nearby monsters.
The orc knight is distracted by your dazzling golden aura.
The orc knight shouts!
Unknown command.
The skeletal warrior attacks as you move away!
You block the skeletal warrior's attack.
Your surroundings suddenly seem different. 3 vampire mosquitoes, a boulder beetle and a deep elf pyromancer come into view.
Found a book of Necromancy and 31 gold pieces.
The vampire mosquito buzzes angrily. x2
The boulder beetle curls into a ball and begins rolling!
The deep elf pyromancer casts a spell.
The deep elf pyromancer blinks!
As you read the scroll of teleportation, it crumbles to dust.
You feel strangely unstable. The vampire mosquito barely misses you.
Unknown command.
You block the vampire mosquito's attack.
The vampire mosquito bites you.
* * * LOW HITPOINT WARNING * * *
The vampire mosquito draws strength from your injuries!
Unknown command.
You puncture the deep elf pyromancer! You freeze the deep elf pyromancer.
Your bite misses the deep elf pyromancer.
The deep elf pyromancer is moderately wounded.
The vampire mosquito bites you but does no damage. x2
The deep elf pyromancer hits you with a +0 rapier.
* * * LOW HITPOINT WARNING * * *
You block the vampire mosquito's attack.
You closely miss the deep elf pyromancer.
You bite the deep elf pyromancer.
The deep elf pyromancer's magic leaks into the air.
You drain its magic.
You feel invigorated.
The deep elf pyromancer is moderately wounded.
The vampire mosquito bites you but does no damage. x2
The boulder beetle hits you!!
You die...
Your body crumbles into a pile of gold.

............$..
...............
$
....$..........
$
...............
.............
...°....#
#y°....#
#yy°...#
#@e○...#
#.B....#
#.:....#
.........
...........
...........
............
..###+#####


You could see a boulder beetle (rolling), a deep elf pyromancer (magic
disrupted) and 3 vampire mosquitoes.

Vanquished Creatures
  Kirke (Lair:4)
  An ironbound preserver (D:13)
  Harold (Lair:2)
  An ogre mage (Orc:2)
  A catoblepas (Lair:3)
  A merfolk avatar (Lair:5)
  Erolcha (Orc:2)
  8 hydras
  2 boulder beetles
  4 centaur warriors
  A tengu warrior (D:13)
  2 two-headed ogres
  Urug (Lair:1)
  An orc high priest (Orc:2)
  Nergalle (Orc:2)
  5 skeletal warriors
  3 skysharks
  A sea snake (Lair:5)
  An orc knight (D:12)
  A wizard (D:12)
  A deep elf pyromancer (D:12)
  A bog body (Lair:2)
  12 ugly things
  10 orc sorcerers
  4 manticores
  A salamander (Lair:2)
  6 black mambas
  2 cyclopes
  5 elephants
  2 gargoyles
  16 cane toads
  Maggie (D:7)
  A freezing wraith (D:14)
  5 rime drakes
  15 komodo dragons
  A guardian mummy (D:15)
  A queen bee (Orc:1)
  5 trolls
  2 hornets
  3 meliai (D:14)
  A wind drake (Lair:5)
  Grinder (D:5)
  27 blink frogs
  A snapping turtle (Lair:5)
  A dream sheep (shapeshifter) (D:13)
  6 polar bears
  4 dream sheep
  A culicivora (shapeshifter) (D:14)
  A shadow (D:13)
  A centaur simulacrum (D:14)
  6 slime creatures
  2 wraiths
  47 yaks
  3 vampires
  7 wyverns
  A hog (shapeshifter) (D:15)
  A steam dragon (Lair:5)
  4 basilisks
  3 vampire mosquitoes (D:13)
  6 hogs (Lair:4)
  Menkaure (D:6)
  An acid dragon (D:11)
  4 wargs
  13 water moccasins
  A swamp drake (D:10)
  14 orc warriors
  2 sky beasts
  2 black bears (Lair:2)
  5 ogres
  12 wolves
  3 centaurs
  A phantom (D:4)
  5 kobold brigands
  14 bullfrogs
  3 scorpions
  2 gnoll sergeants
  3 wights (D:9)
  27 killer bees
  5 vampire bats (Lair:5)
  An electric eel (Lair:5)
  4 lava snakes (Lair:2)
  4 hounds
  11 jellies
  9 orc priests
  5 gnoll boudas
  A sleepcap (D:8)
  Jessica (D:2)
  31 orc wizards
  A hell rat (Sewer)
  8 adders
  55 gnolls
  A river rat (Sewer)
  A shadow imp (D:7)
  A white imp (D:8)
  An ufetubus (D:5)
  4 worms
  76 orcs
  11 ball pythons
  9 endoplasms
  3 giant cockroaches
  9 goblins
  9 hobgoblins
  3 jackals (D:1)
  31 kobolds
  4 quokkas
  14 bats
  3 frilled lizards
  12 rats
697 creatures vanquished.

Vanquished Creatures (others)
  An orc wizard (Orc:2)
  2 orcs (Orc:2)
3 creatures vanquished.

Grand Total: 700 creatures vanquished

Notes
Turn   | Place    | Note
-------+----------+-------------------------------------------
     0 | D:1      | shadowrider38 the Vine Stalker Shapeshifter began the quest
                  | for the Orb.
     0 | D:1      | Reached XP level 1. HP: 9/9 MP: 2/2
    88 | D:1      | Reached skill level 1 in Short Blades
   104 | D:1      | Reached XP level 2. HP: 8/14 MP: 3/3
   470 | D:1      | Reached skill level 2 in Short Blades
   605 | D:1      | Reached XP level 3. HP: 17/17 MP: 4/4
  1320 | D:2      | Reached skill level 3 in Short Blades
  1463 | D:2      | Gained mutation: Your natural rate of healing is unusually
                  | fast. [Vine Stalker growth]
  1463 | D:2      | Reached XP level 4. HP: 21/21 MP: 5/5
  1804 | D:2      | Noticed Jessica
  1812 | D:2      | Killed Jessica
  1813 | D:2      | Reached skill level 4 in Short Blades
  2182 | D:2      | Reached XP level 5. HP: 25/25 MP: 6/6
  2438 | D:3      | Found Qirouqoy's Weapon Boutique.
  3200 | D:3      | Reached skill level 5 in Short Blades
  3200 | D:3      | Reached XP level 6. HP: 25/29 MP: 7/7
  3317 | D:4      | Reached skill level 6 in Short Blades
  3429 | D:4      | Reached XP level 7. HP: 22/32 MP: 8/8
  4035 | D:5      | Entered Level 5 of the Dungeon
  4069 | D:5      | Noticed a wraith
  4101 | D:5      | Killed a wraith
  4102 | D:5      | Reached skill level 7 in Short Blades
  4165 | D:5      | Found a broken altar of Ashenzari.
  4231 | D:5      | Found a staircase to the Ecumenical Temple.
  4239 | Temple   | Entered the Ecumenical Temple
  4283 | Temple   | Became a worshipper of Gozag Ym Sagoz the Greedy
  4343 | D:5      | Noticed Grinder
  4344 | D:5      | Paralysed by Grinder for 5 turns
  4366 | D:5      | Killed Grinder
  4367 | D:5      | Reached skill level 8 in Short Blades
  4367 | D:5      | Gained mutation: You have razor-sharp teeth. [Vine Stalker
                  | growth]
  4367 | D:5      | Reached XP level 8. HP: 26/37 MP: 9/9
  5323 | D:6      | Found a glowing drain.
  5343 | Sewer    | Entered a sewer
  5532 | D:6      | Found Jyedan's Armour Shop.
  5639 | D:6      | Found Ymimoum's Book Shop.
  5846 | D:6      | Noticed Menkaure
  5858 | D:6      | Killed Menkaure
  5859 | D:6      | Reached skill level 3 in Fighting
  5876 | D:6      | Found Hiankoj's General Store.
  6162 | D:7      | Reached XP level 9. HP: 43/44 MP: 10/10
  6207 | D:7      | Reached skill level 3 in Armour
  6547 | D:7      | Reached skill level 9 in Short Blades
  6689 | D:7      | Noticed Maggie
  6701 | D:7      | Killed Maggie
  6702 | D:7      | Reached skill level 3 in Shields
  7276 | D:8      | You fall into a shaft and drop 3 floors!
  7368 | D:11     | Reached XP level 10. HP: 51/51 MP: 11/11
  7510 | D:11     | Noticed a cyan ugly thing
  7537 | D:11     | Killed a cyan ugly thing
  7538 | D:11     | Reached skill level 10 in Short Blades
  7576 | D:11     | Noticed a skeletal warrior
  7618 | D:10     | Entered Level 10 of the Dungeon
  7623 | D:10     | Noticed a boulder beetle
  7668 | D:10     | HP: 1/53 [boulder beetle (11)]
  7670 | D:10     | Killed a boulder beetle
  7937 | D:9      | Reached skill level 11 in Short Blades
  8130 | D:9      | Found a flagged portal.
  8156 | Bailey   | Entered a bailey
  8723 | D:9      | Found a hide-covered altar of Uskayaw.
  8794 | D:9      | Reached XP level 11. HP: 58/58 MP: 12/12
  8894 | D:9      | Found Ziorgh's Jewellery Shop.
  8972 | D:9      | Noticed a two-headed ogre
  8980 | D:9      | Killed a two-headed ogre
 10039 | D:10     | Reached skill level 12 in Short Blades
 10138 | D:10     | Found a staircase to the Lair.
 10418 | D:6      | Bought +0 gold dragon scales for 1200 gold pieces
 10812 | D:11     | Noticed a cyclops
 10827 | D:11     | Killed a cyclops
 10884 | D:11     | Noticed a skeletal warrior
 10892 | D:11     | Noticed a skeletal warrior
 10992 | Lair:1   | Entered Level 1 of the Lair of Beasts
 11256 | Lair:1   | Noticed Urug
 11282 | Lair:1   | Killed Urug
 11399 | Lair:1   | Reached XP level 12. HP: 65/65 MP: 13/13
 11437 | Lair:1   | Reached skill level 9 in Fighting
 12213 | Lair:2   | Found a staircase to the Swamp.
 12573 | Lair:2   | Noticed Harold
 12599 | Lair:2   | Reached skill level 9 in Armour
 12612 | Lair:2   | Killed Harold
 13185 | Lair:2   | Found a staircase to the Snake Pit.
 13211 | Lair:2   | Reached XP level 13. HP: 56/72 MP: 14/14
 13761 | Lair:3   | Reached skill level 3 in Dodging
 13961 | Lair:3   | Reached skill level 3 in Evocations
 14729 | D:9      | Bought a +4 ring of slaying for 936 gold pieces
 14985 | Lair:4   | Found a viscous altar of Jiyva.
 14988 | Lair:4   | Found a staircase to the Slime Pits.
 15527 | Lair:4   | Noticed Kirke
 15559 | Lair:4   | Killed Kirke
 15967 | Lair:5   | Entered Level 5 of the Lair of Beasts
 16070 | Lair:5   | Reached XP level 14. HP: 68/79 MP: 15/15
 16908 | Lair:5   | Identified the +1 leather armour of the Amorous God {rElec
                  | Dex+2}
 17672 | D:6      | Bought a +2 pair of boots of stealth for 322 gold pieces
 17672 | D:6      | Bought a +0 kite shield of reflection for 127 gold pieces
 17867 | D:11     | Reached skill level 13 in Short Blades
 18525 | D:12     | Found a staircase to the Orcish Mines.
 18757 | Orc:1    | Entered Level 1 of the Orcish Mines
 18768 | Orc:1    | Found Zuhan's Armour Boutique.
 19223 | Orc:1    | Reached XP level 15. HP: 68/84 MP: 16/16
 19454 | Orc:2    | Entered Level 2 of the Orcish Mines
 19573 | Orc:2    | Noticed Nergalle
 19575 | Orc:2    | Found an ancient bone altar of Kikubaaqudgha.
 19583 | Orc:2    | Killed Nergalle
 19584 | Orc:2    | Reached skill level 14 in Short Blades
 19601 | Orc:2    | Noticed Erolcha
 19605 | Orc:2    | Found a radiant altar of Vehumet.
 19622 | Orc:2    | Killed Erolcha
 19833 | Orc:2    | Found Exourool's Book Shop.
 19969 | Orc:2    | Paralysed by an orc sorcerer for 2 turns
 19971 | Orc:2    | Upgraded the game from 0.31-a0-355-g57cb03d3e8 to
                  | 0.31-a0-358-gac0dbeb3ab
 19971 | Orc:2    | Found Wukar's Magic Scroll Boutique.
 20078 | Orc:2    | Found Kasmaf's Jewellery Boutique.
 20095 | Orc:2    | Bought a scroll of teleportation for 48 gold pieces
 20095 | Orc:2    | Bought a scroll of blinking for 120 gold pieces
 20101 | Orc:2    | Found Uhynem's Antique Armour Shop.
 20104 | Orc:2    | Bought the ring "Irchuefue" {rCorr Slay+6} for 783 gold
                  | pieces
 20115 | Orc:2    | Bought a pair of slimy gloves for 332 gold pieces
 20115 | Orc:2    | Identified the +3 pair of gloves of Curphonoc {rPois rF+}
                  | (You bought it in a shop on level 2 of the Orcish Mines)
 20308 | Orc:2    | Found Tyopsoull's Jewellery Boutique.
 20429 | Orc:2    | Found a staircase to the Elven Halls.
 20716 | D:13     | Found a gate to the Vaults.
 21243 | D:14     | Found Popteph's Jewellery Boutique.
 21914 | D:14     | Found a runed translucent gate.
 21915 | D:14     | Found a runed translucent gate.
 21916 | D:14     | Found a runed translucent gate.
 21916 | D:14     | Found an opulent altar of Gozag.
 21917 | D:14     | Noticed jejorda2's ghost (journeyman GnBe)
 21917 | D:14     | Noticed an orc warlord
 21919 | D:14     | Noticed a fire giant
 21920 | D:14     | Found Bawunog's Assorted Antiques.
 22058 | D:15     | Entered Level 15 of the Dungeon
 22146 | D:15     | Slain by a boulder beetle

Illustrated notes

Levels and vault maps discovered:
D:1:      minmay_arrival_checkered_box, layout_loops_ring,
          chequers_serial_rivers_marsh
D:2:      layout_basic, uniq_jessica
D:3:      layout_loops_ring, serial_shops, shop, serial_bayou,
          serial_bayou_pond_d, serial_bayou_crossing, serial_bayou_lagoon_b,
          serial_bayou_pond_d
D:4:      wander_river, layout_loops_ring, serial_rivers,
          chequers_serial_rivers_large_b, chequers_serial_rivers_large_a,
          chequers_serial_rivers_micro_a, chequers_serial_rivers_micro_e,
          minmay_strange_pillars, hangedman_decor_peaks_small
D:5:      layout_cave_pods, evilmike_ruin_ashenzari, minmay_temple_entry_tees,
          nicolae_grassy_gnolls, uniq_grinder
D:6:      layout_basic, serial_shops, shop, kennysheep_mini,
          nicolae_shop_tiny_glass, cheibrodos_sewer_entry_sluice, minivault_26,
          uniq_menkaure
D:7:      layout_basic, uniq_maggie
D:8:      layout_loops_ring
D:9:      layout_loops_corners, nicolae_uskayaw_murder_on_the_dancefloor,
          lightli_bailey_entry_fortress, serial_shops, shop
D:10:     layout_loops_ring, erik_lair_dragon
D:11:     layout_rooms, dk_noncrumbling_2
D:12:     layout_cave_pools, orc_0_dummy
D:13:     layout_cross, skrybe_vaults_entry_preservation
D:14:     layout_basic, serial_shops, nicolae_diamond_shop, ebering_ghost_gozag
D:15:     gammafunk_depths_entry_grave, layout_gridville, lemuel_freeze_loot_1
Temple:   mainiacjoe_temple_cubbyholes
Lair:1:   layout_misc_corridors, serial_bayou_pond_d, bh_autumn_forest_stairs,
          minmay_hedge_maze, minivault_19, pond, uniq_urug
Lair:2:   layout_regular_city, skrybe_swamp_entry_bodies,
          nicolae_snake_entry_warm_welcome, grunt_forest_small_clearings,
          uniq_harold
Lair:3:   layout_regular_city, beast_lair_carwin_9
Lair:4:   layout_misc_corridors, minmay_slime_entry_jelly_boxes,
          lemuel_fruit_tree, infiniplex_staircase_pool_2, serial_bayou_shore_a,
          uniq_kirke
Lair:5:   gammafunk_lair_ancient_temple, layout_loops_ring, serial_bayou,
          serial_bayou_pond_c, serial_bayou_lagoon_a, serial_bayou_pond_d,
          serial_bayou_ford_a, roderic_batcave, chequers_serial_rivers_small_b
Orc:1:    layout_caves, special_room [special_room_bee], serial_shops, shop
Orc:2:    kennysheep_orc_mage_school, layout_caves, serial_shops,
          nicolae_shop_gaudy_bauble

Skill      XL: |  1  2  3  4  5  6  7  8  9 10 11 12 13 14 15 |
---------------+----------------------------------------------+-----
Short Blades   | 1 2 3 4 5 6 8 9 11 12 13 14 | 14.0
Fighting       | 1 3 5 6 8 10 11 12 | 12.9
Armour         | 2 4 6 10 11 12 | 12.7
Shields        | 1 4 5 7 |  7.7
Evocations     | 4 5 |  5.0
Dodging        | 4 |  4.0
Spellcasting   | 2 |  2.2
Unarmed Combat | |  3.0
Shapeshifting  | |  3.0

Action                     |  1- 3 |  4- 6 |  7- 9 | 10-12 | 13-15 || total
---------------------------+-------+-------+-------+-------+-------++-------
  Melee: Dagger            |    44 |       |       |       |       ||    44
         Unarmed           |     5 |       |       |       |       ||     5
         Bite              |    15 |    50 |   162 |   437 |   693 ||  1357
         Punch             |     2 |     5 |     4 |       |       ||    11
         Short sword       |    51 |   178 |   161 |  1014 |   820 ||  2224
         Rapier            |       |       |   243 |       |   676 ||   919
  Throw: Dart              |       |       |       |     5 |       ||     5
         Throwing net      |       |       |       |     1 |       ||     1
 Invoke: Potion Petition   |       |       |       |     1 |       ||     1
  Evoke: Wand              |       |       |       |     2 |       ||     2
    Use: Scroll            |     1 |    11 |     5 |     7 |    10 ||    34
         Potion            |       |       |       |     1 |       ||     1
   Stab: Sleeping          |     1 |       |       |       |       ||     1
         Distracted        |       |       |     1 |     3 |     7 ||    11
         Held in net/web   |       |       |       |     2 |       ||     2
         Petrified         |       |       |       |       |     6 ||     6
 Armour: Leather armour    |     5 |       |       |       |       ||     5
         Ring mail         |    29 |     7 |       |       |       ||    36
         Robe              |       |    26 |       |       |       ||    26
         Plate armour      |       |     4 |   133 |   114 |       ||   251
         Gold dragon scale |       |       |       |   220 |   887 ||  1107
  Dodge: Dodged            |    59 |   101 |    78 |   106 |   214 ||   558
  Block: Buckler           |       |       |    48 |   148 |   187 ||   383
         Kite shield       |       |       |       |       |   311 ||   311
         Reflection        |       |       |       |       |     7 ||     7
         Form:             |       |       |       |       |     1 ||     1

Table legend: (Time is in decaauts)
 A = Elapsed time spent in this place.
 B = Non-inter-level travel time spent in this place.
 C = Inter-level travel time spent in this place.
 D = Time resting spent in this place.
 E = Time spent auto-exploring this place.
 F = Levels seen in this place.
 G = Mean time per level.
                   A        B        C        D        E       F      G
               +--------+--------+--------+--------+--------+-----+--------+
         Total |  21158 |  19530 |   1628 |   1285 |  12967 |  25 |  846.3 |
       Dungeon |  13064 |  11949 |   1115 |    842 |   8196 |  15 |  870.9 |
        Temple |     86 |      3 |     83 |      0 |      0 |   1 |   86.0 |
          Lair |   5717 |   5345 |    372 |    224 |   3364 |   5 | 1143.4 |
  Orcish Mines |   1704 |   1646 |     58 |    218 |   1004 |   2 |  852.0 |
         Sewer |    127 |    127 |      0 |      0 |     75 |   1 |  127.0 |
        Bailey |    457 |    457 |      0 |      0 |    326 |   1 |  457.0 |
               +--------+--------+--------+--------+--------+-----+--------+

Top non-repeatable levels by time:
    D:10: 1418 daAuts
  Lair:5: 1335 daAuts
  Lair:3: 1253 daAuts
     D:5: 1228 daAuts
     D:9: 1214 daAuts
     D:4: 1170 daAuts
  Lair:1: 1167 daAuts
     D:1: 1159 daAuts
   Orc:2: 1087 daAuts
     D:2: 1065 daAuts
  Lair:2: 1046 daAuts
    D:14: 963 daAuts
     D:6: 955 daAuts
  Lair:4: 914 daAuts
     D:7: 870 daAuts
